 Dungeon Crawl Stone Soup version 0.31-a0-233-g139696dc86 (webtiles) character file.

Game seed: 6770762049287036661

61 qw the Shooter (level 4, -3/26 HPs)
             Began as a Gargoyle Hexslinger on July 9, 2023.
             Slain by a hobgoblin (4 damage)
             ... on level 2 of the Dungeon.
             The game lasted 00:00:29 (935 turns).

qw the Shooter (Gargoyle Hexslinger)                 Turns: 935, Time: 00:00:30

Health: -3/26      AC:  9    Str: 11    XL:     4   Next: 7%
Magic:  5/5        EV: 10    Int: 14    God:
Gold:   96         SH:  0    Dex: 14    Spells: 4/5 levels left

rFire   . . .        Y - +1 sling
rCold   . . .        (no shield)
rNeg    + . .        h - +0 ring mail
rPois   inf          (no helmet)
rElec   +            (no cloak)
rCorr   .            g - +0 pair of gloves
SInv    .            (no boots)
Will    .....        e - amulet of the acrobat
Stlth   +            (no ring)
HPRegen 0.24/turn    (no ring)
MPRegen 0.09/turn

%: acrobat
@: no status effects
A: sickness immunity, AC +3, negative energy resistance 1, electricity
resistance, torment resistance 1, petrification resistance
a: no special abilities


You were on level 2 of the Dungeon.
You visited 1 branch of the dungeon, and saw 2 of its levels.

You collected 96 gold pieces.


Innate Abilities, Weirdness & Mutations

You are immune to sickness and miasma.
Your stone body is resilient. (AC +3)
You are immune to poison.
You resist negative energy. (rN+)
You are resistant to electric shocks. (rElec)
You are resistant to unholy torment.
You are immune to petrification.


   Skills:
 - Level 2.0 Fighting
 + Level 3.5 Ranged Weapons
 - Level 1.3 Armour
 - Level 1.5 Dodging
 - Level 1.0 Spellcasting
 - Level 2.6 Hexes


You had 4 spell levels left.
You knew the following spells:

 Your Spells              Type           Power      Damage    Failure   Level
a - Slow                  Hex            32%        N/A       21%         1

Your spell library contained the following spells:

 Spells                   Type           Power      Damage    Failure   Level
 Inner Flame              Hex/Fire       4%         N/A       71%         3
 Portal Projectile        Hex/Tloc       8%         N/A       71%         3
 Cause Fear               Hex            4%         N/A       90%         4

Inventory:

Hand Weapons
 Y - a +1 sling (weapon)
Armour
 g - a +0 pair of gloves (worn)
 h - a +0 ring mail (worn)
Jewellery
 e - an amulet of the acrobat (around neck)
 j - a ring of fire
Potions
 d - a potion of haste {unknown}

Dungeon Overview and Level Annotations

Branches:
Dungeon (2/15)

Altars:

Annotations:
D:2 Natasha


Message History

You shoot a sling bullet. The sling bullet barely misses Natasha.
The sling bullet barely misses the cerulean imp.
Natasha claws you but does no damage.
The cerulean imp hits you from afar with a +2 spear.
You shoot a sling bullet.
The sling bullet hits Natasha but does no damage.
Natasha is lightly wounded.
Natasha closely misses you. The cerulean imp barely misses you.
You shoot a sling bullet. The sling bullet barely misses Natasha.
The sling bullet hits the cerulean imp but does no damage.
Natasha casts a spell.
The cerulean imp closely misses you. Natasha claws you.
The cerulean imp hits you from afar with a +2 spear.
You shoot a sling bullet. The sling bullet barely misses Natasha.
The sling bullet misses the cerulean imp.
You hear a shout!
Natasha claws you.
The cerulean imp hits you from afar with a +2 spear.
A hobgoblin comes into view.
You hear a shout!
You shoot a sling bullet.
The sling bullet closely misses Natasha.
The sling bullet closely misses the cerulean imp.
The cerulean imp closely misses you. Natasha claws you but does no damage.
The cerulean imp hits you from afar with a +2 spear.
The cerulean imp hits you but does no damage.
Natasha claws you.
You shoot a sling bullet. The sling bullet hits Natasha.
Natasha is heavily wounded.
The cerulean imp hits you from afar with a +2 spear.
The cerulean imp barely misses you. Natasha barely misses you.
The cerulean imp barely misses you.
You shoot a sling bullet. The sling bullet hits Natasha.
Natasha is severely wounded.
The hobgoblin closely misses you.
The cerulean imp hits you but does no damage.
Natasha closely misses you.
The cerulean imp hits you from afar with a +2 spear.
The hobgoblin hits you.
You die...

###.#.##### #....## .
#....###### ..
#.........# ...
#....####.# ..###
#####....# #.# .5.
.......#.# #.##
#h##5....##.# #..#
#####.@.....# #.# ##..
.......g..#### #.# ##.
#..#.#....# #.# #.
........%#######.# #.
#...#.).......#.######.
#............%.........
.....#########.....###.
###.. #.....# #. ###
#.....# ##


You could see Natasha, 2 cerulean imps and a hobgoblin.

Vanquished Creatures
  2 adders (D:2)
  An endoplasm (D:1)
  A giant cockroach (D:1)
  A goblin (D:1)
  6 hobgoblins
  7 jackals (D:1)
  2 quokkas
  6 ball pythons
  2 bats (D:1)
  3 frilled lizards
  6 kobolds
  3 rats
40 creatures vanquished.

Notes
Turn   | Place    | Note
-------+----------+-------------------------------------------
     0 | D:1      | qw the Gargoyle Hexslinger began the quest for the Orb.
     0 | D:1      | Reached XP level 1. HP: 12/12 MP: 2/2
     0 | D:1      | 0 ||| qw: Version: 0.3-a-51-g015441d
     0 | D:1      | 0 ||| qw: Game counter: 3810
     0 | D:1      | 0 ||| qw: Melee chars always use a shield: true
     0 | D:1      | 0 ||| qw: God list: Okawaru
     0 | D:1      | 0 ||| qw: Allow faded altars: false
     0 | D:1      | 0 ||| qw: Do Orc after clearing Dungeon:15 true
     0 | D:1      | 0 ||| qw: Do second Lair branch before Depths: true
     0 | D:1      | 0 ||| qw: Lair rune preference: random
     0 | D:1      | 0 ||| qw: Goals: Normal
     0 | D:1      | 0 ||| PLANNING D:1-11
   280 | D:1      | Reached XP level 2. HP: 16/16 MP: 3/3
   414 | D:1      | Reached skill level 3 in Ranged Weapons
   492 | D:1      | Reached XP level 3. HP: 20/21 MP: 4/4
   784 | D:1      | 784 ||| UPGRADING to +0 pair of gloves.
   789 | D:1      | 789 ||| UPGRADING to +0 ring mail.
   799 | D:1      | 799 ||| DROPPING +0 robe.
   800 | D:1      | 800 ||| UPGRADING to amulet of the acrobat.
   805 | D:1      | 805 ||| READING scroll labelled IHUSTR GAPS.
   806 | D:1      | 806 ||| READING scroll labelled VOTITU CETUN.
   807 | D:1      | 807 ||| DROPPING scroll of poison.
   873 | D:2      | Noticed Natasha
   876 | D:2      | Reached skill level 1 in Armour
   929 | D:2      | Reached XP level 4. HP: 19/26 MP: 5/5
   933 | D:2      | HP: 5/26 [cerulean imp/+2 spear[Natasha] (2)]
   935 | D:2      | HP: 1/26 [cerulean imp/+2 spear[Natasha] (3)]
   935 | D:2      | Slain by a hobgoblin

Levels and vault maps discovered:
D:1:      erik_arrival_orb_chamber, layout_basic, serial_aquarium,
          aquarium_bridge_straight [aquarium_subvault_bridge,
          aquarium_subvault_balcony, aquarium_subvault_bridge,
          aquarium_subvault_wall], aquarium_window_2, aquarium_window_1,
          aquarium_window_2, aquarium_window_fake, aquarium_view_2d,
          aquarium_pool_1, minmay_door_square
D:2:      minmay_door_path, layout_rooms, serial_park_tiny_1, uniq_natasha,
          uniq_crazy_yiuf_cottage

Skill      XL: |  1  2  3 |
---------------+----------+-----
Ranged Weapons | 3 |  3.5
Fighting       | 2 |  2.0
Armour         | 1 |  1.3
Dodging        | |  1.5
Spellcasting   | |  1.0
Hexes          | |  2.6

Action                     |  1- 3 |  4- 6 || total
---------------------------+-------+-------++-------
   Fire: Sling             |   129 |     7 ||   136
    Use: Scroll            |     2 |       ||     2
 Armour: Robe              |    10 |       ||    10
         Ring mail         |    22 |     4 ||    26
  Dodge: Dodged            |    43 |     9 ||    52

Table legend:
 A = Non-vault XP
 B = Vault XP
 C = Vault XP percentage of total XP
 D = Non-vault monster count
 E = Vault monster count
 F = Vault count percentage of total count
                 A         B        C        D         E       F
            +---------+---------+-------+---------+---------+-------
      Total |      88 |       0 |   0.0 |      40 |       0 |   0.0
            +---------+---------+-------+---------+---------+-------
        D:1 |      48 |       0 |   0.0 |      30 |       0 |   0.0
        D:2 |      40 |       0 |   0.0 |      10 |       0 |   0.0
            +---------+---------+-------+---------+---------+-------
